 Dungeon Crawl Stone Soup version 0.30-a0-311-gf115ab0292 (webtiles) character file.

Game seed: 4499224757630357244

30 ragingrage the Slasher (level 2, -4/24 HPs)
             Began as a Demigod Gladiator on Oct 25, 2022.
             Shot with a sling bullet by a goblin (5 damage)
             ... on level 2 of the Dungeon.
             The game lasted 00:00:55 (1151 turns).

ragingrage the Slasher (Demigod Gladiator)          Turns: 1151, Time: 00:00:55

Health: -4/24      AC:  4    Str: 15    XL:     2   Next: 84%
Magic:  4/4        EV: 12    Int: 10    God:
Gold:   86         SH:  0    Dex: 15    Spells: 1/1 levels left

rFire   . . .      SeeInvis .    a - +0 long sword
rCold   . . .      Faith    .    (no shield)
rNeg    . . .      Spirit   .    b - +0 leather armour
rPois   .          Reflect  .    c - +0 helmet
rElec   .          Harm     .    (no cloak)
rCorr   .          Rampage  .    (no gloves)
Will    .....                    (no boots)
Stlth   +.........               (no amulet)
HPRegen 0.24/turn                (no ring)
MPRegen 0.09/turn                (no ring)

@: no status effects
A: high MP 1, forlorn, divine attributes
a: no special abilities


You were on level 2 of the Dungeon.
You visited 1 branch of the dungeon, and saw 2 of its levels.

You collected 86 gold pieces.

Inventory:

Hand Weapons
 a - a +0 long sword (weapon)
Missiles
 d - 3 throwing nets (quivered)
 e - a javelin
Armour
 b - a +0 leather armour (worn)
 c - a +0 helmet (worn)
Scrolls
 g - 2 scrolls of immolation {unknown}
 i - 2 scrolls of identify {unknown}
 j - 2 scrolls of amnesia {unknown}
 k - a scroll of enchant weapon {unknown}
 l - a scroll of noise {unknown}
 m - a scroll of fear {unknown}
Potions
 f - a potion of heal wounds {unknown}
 h - a potion of degeneration {unknown}


   Skills:
 - Level 2.1 Fighting
 + Level 3.2 Long Blades
 - Level 2.1 Throwing
 - Level 2.9 Dodging


You had one spell level left.
You didn't know any spells.
Your spell library contained the following spells:

 Spells                   Type           Power      Damage    Failure   Level
 Scorch                   Fire           0%         2d5       56%         2
 Flame Wave               Conj/Fire      0%         2d4       99%         4
 Summon Cactus Giant      Summ           0%         N/A       100%        6


Dungeon Overview and Level Annotations

Branches:
Dungeon (2/15)

Shops:
D:1 (


Innate Abilities, Weirdness & Mutations

You have an increased reservoir of magic. (+10% MP)
You shall have no god before yourself.
Your divine heritage dramatically boosts your attributes as you level up.


Message History

The goblin wields a +0 club.
The goblin hits you but does no damage.
The goblin unwields a +0 club.
The goblin wields a +0 sling.
The goblin shoots a sling bullet.
The sling bullet hits you.
The goblin shoots a sling bullet.
The sling bullet hits you but does no damage.
You slash the endoplasm!
You kill the endoplasm!
The goblin shoots a sling bullet.
The sling bullet hits you but does no damage.
You hit the ball python.
You kill the ball python!
The goblin shoots a sling bullet.
The sling bullet completely misses you.
You swing at nothing.
The goblin shoots a sling bullet.
The sling bullet misses you.
You swing at nothing.
The goblin shoots a sling bullet.
The sling bullet barely misses you.
You swing at nothing.
The goblin shoots a sling bullet.
The sling bullet hits you.
You swing at nothing.
The goblin shoots a sling bullet.
The sling bullet hits you.
* * * LOW HITPOINT WARNING * * *
You swing at nothing.
The goblin shoots a sling bullet.
The sling bullet hits you.
* * * LOW HITPOINT WARNING * * *
The goblin shoots a sling bullet.
The sling bullet misses you.
You swing at nothing.
The goblin shoots a sling bullet.
The sling bullet barely misses you.
You swing at nothing.
The goblin shoots a sling bullet.
The sling bullet hits you but does no damage.
You swing at nothing.
The goblin shoots a sling bullet.
The sling bullet closely misses you.
You swing at nothing.
The goblin shoots a sling bullet.
The sling bullet completely misses you.
The goblin shoots a sling bullet.
The sling bullet misses you.
You swing at nothing.
The goblin shoots a sling bullet.
The sling bullet hits you.
* * * LOW HITPOINT WARNING * * *
You swing at nothing.
The goblin shoots a sling bullet.
The sling bullet hits you.
You die...

#......#..# ##
###.......#
#.......###
#...........
######......#####
............#
........$...#
..........#.####
..........#.@†.####
..........####g...#
..........#...........
..........#...........
..........#...........
.......#+##...........
....... +..!........
....... #...........
....... ###########.


You could see a goblin.

Vanquished Creatures
  3 endoplasms
  A giant cockroach (D:2)
  2 goblins (D:1)
  3 hobgoblins
  7 jackals (D:1)
  3 ball pythons (D:2)
  A bat (D:2)
  A kobold (D:1)
  5 rats
26 creatures vanquished.

Notes
Turn   | Place    | Note
-------+----------+-------------------------------------------
     0 | D:1      | ragingrage the Demigod Gladiator began the quest for the
                  | Orb.
     0 | D:1      | Reached XP level 1. HP: 17/17 MP: 3/3
   212 | D:1      | Reached XP level 2. HP: 14/24 MP: 4/4
   355 | D:1      | Found Uvvoonga's Weapon Boutique.
   980 | D:2      | Reached skill level 3 in Long Blades
  1150 | D:2      | HP: 1/24 [goblin/sling bullet (5)]
  1151 | D:2      | Shot with a sling bullet by a goblin

Illustrated notes

Levels and vault maps discovered:
D:1:      dpeg_arrival_erosion, layout_basic, serial_shops,
          nicolae_shop_bloodbath_and_beyond, kennysheep_another_room,
          amcnicky_mini_corridor_feature
D:2:      layout_basic

Skill      XL: |  1  2 |
---------------+-------+-----
Throwing       | 2 |  2.1
Fighting       | 2 |  2.1
Long Blades    | 3 |  3.2
Dodging        | |  2.9

Action                   || total
-------------------------++-------
Melee: Long sword        ||    68
       Punch             ||     1
Armor: Leather armour    ||    23
Dodge: Dodged            ||    59

Table legend: (Time is in decaauts)
 A = Elapsed time spent in this place.
 B = Non-inter-level travel time spent in this place.
 C = Inter-level travel time spent in this place.
 D = Time resting spent in this place.
 E = Time spent auto-exploring this place.
 F = Levels seen in this place.
 G = Mean time per level.
                   A        B        C        D        E       F      G
               +--------+--------+--------+--------+--------+-----+--------+
         Total |   1173 |   1136 |     37 |     40 |    903 |   2 |  586.5 |
       Dungeon |   1173 |   1136 |     37 |     40 |    903 |   2 |  586.5 |
               +--------+--------+--------+--------+--------+-----+--------+

Top non-repeatable levels by time:
     D:1: 952 daAuts
     D:2: 220 daAuts
